cohdb
Replays
Latest Replays
All Replays
Popular Replays
Top Player Replays
Match Explorer
How It Works
Community
CoH3 Stats
Reddit
Sign in to upload your games and track your stats! →
Sign in with Steam
Match 42043731
Unlisted
Match 42043731
Overview
Messages
Build Orders
End
Kradschützen Motorcycle Team
Selects Panzerjäger Kommand Battlegroup
Selects Mine Fields
Panzergrenadier Squad
250 Light Carrier
Panzergrenadier Squad
Construct Light Support Kompanie
Selects GrB 39 Grenade Launcher Requisition
Fire Support Elements
2.5-tonne Medical Truck
Panzerjäger Squad
Veteran Squad Leaders
Selects Defensive Positions
Construct Panzerarmee Kommand
傲娇萌新在线求虐
fred_game
UH|dun! ツ
kirman
niceyhi
Shutterstock
0
0
Comments
sign in to comment!
No comments posted yet!